 Dungeon Crawl Stone Soup version 0.30-a0-737-gf23d94013f (webtiles) character file.

Game seed: 6735182228516460354

147 cheesebisquit the Shooter (level 5, 0/45 HPs)
             Began as a Minotaur Hunter on Feb 2, 2023.
             Slain by an orc warrior
             ... wielding a +2 hand axe of freezing
              (3 damage)
             ... on level 3 of the Dungeon.
             The game lasted 00:07:56 (2292 turns).

cheesebisquit the Shooter (Minotaur Hunter)         Turns: 2292, Time: 00:07:57

Health: 0/45       AC:  4    Str: 16    XL:     5   Next: 7%
Magic:  4/4        EV: 12    Int:  6    God:
Gold:   216        SH:  0    Dex: 15    Spells: 4/4 levels left

rFire   . . .      SeeInvis .    a - +0 shortbow
rCold   . . .      Faith    .    (shield currently unavailable)
rNeg    . . .      Spirit   .    c - +0 leather armour
rPois   .          Reflect  .    (helmet restricted)
rElec   .          Harm     .    e - +0 cloak
rCorr   .          Rampage  .    (no gloves)
Will    .....                    (no boots)
Stlth   ++                       (no amulet)
HPRegen 0.27/turn                (no ring)
MPRegen 0.09/turn                (no ring)

@: no status effects
A: horns 2, retaliatory headbutt
a: no special abilities


You were on level 3 of the Dungeon.
You visited 1 branch of the dungeon, and saw 3 of its levels.

You collected 216 gold pieces.

Inventory:

Hand Weapons
 a - a +0 shortbow (weapon)
Armour
 c - a +0 leather armour (worn)
 e - a +0 cloak (worn)
Jewellery
 h - a ring of protection from cold
Scrolls
 b - a scroll of immolation
 f - a scroll of teleportation
 g - a scroll of identify
 i - a scroll of enchant weapon {unknown}
 j - 2 scrolls of noise {unknown}
 k - a scroll of amnesia {unknown}
Potions
 d - a potion of brilliance
 l - a potion of flight {unknown}


   Skills:
 - Level 3.2 Fighting
 + Level 6.2 Ranged Weapons
 - Level 2.8 Dodging
 - Level 1.5 Stealth


You had 4 spell levels left.
You didn't know any spells.
Your spell library was empty.

Dungeon Overview and Level Annotations

Branches:
Dungeon (3/15)

Altars:


Innate Abilities, Weirdness & Mutations

You have a pair of horns on your head.
You reflexively headbutt those who attack you in melee.


Message History

The orc is severely wounded.
The orc closely misses you.
You shoot an arrow.
The arrow hits the orc but does no damage.
The orc is severely wounded.
The orc hits you with a +0 dagger. x2
You shoot an arrow. The arrow barely misses the orc.
The orc barely misses you.
You shoot an arrow. The arrow hits the orc.
You kill the orc!
No target in view!
An orc warrior is nearby!
There's something in the way.
There's something in the way.
There's something in the way.
Things that are here:
a +0 dagger; an orc corpse No target in view!
The orc warrior shouts!
There's something in the way.
You shoot an arrow.
The arrow closely misses the orc warrior.
You shoot an arrow.
The arrow hits the orc warrior but does no damage.
You shoot an arrow.
The arrow hits the orc warrior but does no damage.
The orc warrior hits you with a +2 hand axe of freezing!
The orc warrior freezes you.
You shoot an arrow.
The arrow hits the orc warrior but does no damage.
The orc warrior closely misses you.
Okay, then.
You shoot an arrow. The arrow hits the orc warrior!
The orc warrior is moderately wounded.
The orc warrior hits you with a +2 hand axe of freezing!
The orc warrior freezes you.
The orc warrior attacks as you move away!
The orc warrior hits you with a +2 hand axe of freezing!
* * * LOW HITPOINT WARNING * * *
The orc warrior freezes you.
You die...

..##.###.###.##....#
###.....
#.#...........#.#..#
#.'.....
#...##.###.##...#..#
#.#.....
#.#.#..))...#.#.####
#.###### ..#...##.##...#..#
#.# #.#.#.#...#.#.#.## ###.#
#...#...#...#...# ######...#
#.#.#.#...#.#.#o###........#
..#...##.##...#.@##......(.#
#.#.#.......#.#.##.........#
#)..##.###.##.).##....######
#.#...........#.##....# ..
#.###.###.##......## #
..............#....#
##.###.###.###.##+...# .#.
#..##.##..## #...# .#
#.###..#..# #...#


You could see an orc warrior.

Vanquished Creatures
  An orc wizard (D:3)
  6 adders
  A worm (D:2)
  2 dart slugs (D:1)
  5 orcs (D:3)
  3 ball pythons (D:1)
  4 endoplasms
  A giant cockroach (D:2)
  4 goblins
  5 hobgoblins
  2 jackals (D:3)
  4 quokkas
  6 bats
  3 frilled lizards
  4 kobolds
  3 rats
54 creatures vanquished.

Notes
Turn   | Place    | Note
-------+----------+-------------------------------------------
     0 | D:1      | cheesebisquit the Minotaur Hunter began the quest for the
                  | Orb.
     0 | D:1      | Reached XP level 1. HP: 18/18 MP: 0/0
   213 | D:1      | Reached skill level 1 in Stealth
   255 | D:1      | Reached XP level 2. HP: 25/25 MP: 1/1
   762 | D:2      | Found a faded altar of an unknown god.
   811 | D:2      | Reached XP level 3. HP: 28/31 MP: 2/2
  1003 | D:2      | Reached skill level 5 in Ranged Weapons
  1035 | D:2      | Reached XP level 4. HP: 31/38 MP: 3/3
  1579 | D:3      | Reached skill level 6 in Ranged Weapons
  1889 | D:3      | Reached XP level 5. HP: 43/45 MP: 4/4
  1910 | D:3      | Noticed an orc warrior
  2292 | D:3      | Slain by an orc warrior

Illustrated notes

Levels and vault maps discovered:
D:1:      ebering_trefoil_twist, layout_basic, minivault_4
D:2:      layout_loops_corners, shapermc_ecumenical_altar_mp_highgroup,
          grunt_ministairs_1
D:3:      layout_basic, gammafunk_temple_overflow_wave,
          nicolae_concentric_dashed_squares_wild

Skill      XL: |  1  2  3  4 |
---------------+-------------+-----
Stealth        | 1 |  1.5
Fighting       | 3 |  3.2
Ranged Weapons | 5 6 |  6.2
Dodging        | |  2.8

Action                     |  1- 3 |  4- 6 || total
---------------------------+-------+-------++-------
   Fire: Shortbow          |    77 |    91 ||   168
    Use: Potion            |     2 |     2 ||     4
         Scroll            |       |     2 ||     2
 Armour: Leather armour    |    12 |     7 ||    19
  Dodge: Dodged            |    17 |    31 ||    48

Table legend: (Time is in decaauts)
 A = Elapsed time spent in this place.
 B = Non-inter-level travel time spent in this place.
 C = Inter-level travel time spent in this place.
 D = Time resting spent in this place.
 E = Time spent auto-exploring this place.
 F = Levels seen in this place.
 G = Mean time per level.
                   A        B        C        D        E       F      G
               +--------+--------+--------+--------+--------+-----+--------+
         Total |   2339 |   2315 |     24 |    129 |   1854 |   3 |  779.7 |
       Dungeon |   2339 |   2315 |     24 |    129 |   1854 |   3 |  779.7 |
               +--------+--------+--------+--------+--------+-----+--------+

Top non-repeatable levels by time:
     D:2: 931 daAuts
     D:3: 770 daAuts
     D:1: 637 daAuts
